[Event "Moscow-Open 2021_A"]
[Site "Moscow, Russia"]
[Date "2021.02.23"]
[Round "4.5"]
[White "Rozum, Ivan"]
[Black "Rostovtsev, Dmitry"]
[Result "1-0"]
[ECO "E62"]
[WhiteElo "2546"]
[BlackElo "2037"]
[Annotator "zimin"]
[PlyCount "118"]
[EventDate "2021.??.??"]
[TimeControl "90+30"]
[WhiteClock "0:04:25"]
[BlackClock "0:12:11"]

1. d4 Nf6 2. c4 g6 3. g3 Bg7 4. Bg2 O-O 5. Nc3 d6 6. Nf3 Nc6 7. O-O e5 8. d5 Ne7 9. e4 Nd7 10. Ne1 f5 11. Nd3 Nf6 12. Bg5 h6 13. Bxf6 Bxf6 14. f4 exf4 15. Nxf4 Be5 16. Qd2 g5 17. Nd3 Ng6 18. Nxe5 Nxe5 19. b3 Qe7 20. Rae1 Qg7 21. exf5 Bxf5 22. Nb5 a6 23. Nd4 Bd7 24. Ne6 Bxe6 25. dxe6 Rab8 26. c5 Qe7 27. cxd6 cxd6 28. Bd5 Rxf1+ 29. Rxf1 Kg7 30. Qc3 Rf8 31. Rxf8 Kxf8 32. Qc8+ Kg7 33. Bxb7 a5 34. Kg2 g4 35. Bd5 Qa7 36. Qc3 Kf6 37. Qd2 Kg7 38. a3 Qc7 39. h3 gxh3+ 40.
Kxh3 Qd8 41. Qf4 Qe8 42. Qf5 Qg6 43. Qxg6+ Nxg6 44. b4 axb4 45. axb4 Ne7 46. Bb3 Kf6 47. b5 Nc8 48. Kg4 Nb6 49. Kh5 d5 50. Kxh6 Kxe6 51. g4 Kd6 52. g5 Nd7 53. Bd1 d4 54. Be2 Kc5 55. g6 Nf6 56. g7 Ng8+ 57. Kh7 Ne7 58. g8=Q Nxg8 59. Kxg8 Kd5 1-0

[Event "Moscow-Open 2021_A"]
[Site "Moscow, Russia"]
[Date "2021.02.23"]
[Round "4.6"]
[White "Manelyuk, Daniil"]
[Black "Bocharov, Ivan"]
[Result "0-1"]
[ECO "B90"]
[WhiteElo "2386"]
[BlackElo "2568"]
[Annotator "zimin"]
[PlyCount "92"]
[EventDate "2021.??.??"]
[TimeControl "90+30"]
[WhiteClock "0:01:26"]
[BlackClock "0:35:00"]

1. e4 c5 2. Nf3 d6 3. d4 cxd4 4. Nxd4 Nf6 5. Nc3 a6 6. Be3 e5 7. Nb3 Be6 8. f3 h5 9. Nd5 Bxd5 10. exd5 Nbd7 11. Qd2 g6 12. Na5 Qc7 13. c4 Bg7 14.
Be2 e4 15. Rc1 exf3 16. Bxf3 O-O 17. O-O Rfe8 18. b4 Ne5 19. Bd4 Rad8 20. Rce1 Nfd7 21. Be2 f5 22. Qb2 Nf6 23. Bd1 Ne4 24. Re3 b6 25. Nb3 Nxc4 26. Qc2 Rc8 27. Ree1 b5 28. Rf4 Bxd4+ 29. Nxd4 Qa7 30. Rfxe4 fxe4 31. Rxe4 Rxe4 32. Qxe4 Ne5 33. Be2 Rc1+ 34. Kf2 Qf7+ 35. Bf3 Rc4 36. Ke3 Rxb4 37. Be2 Qa7 38. a3 Ra4 39. Bd1 Rxa3+ 40. Ke2 Ra2+ 41. Bc2 Qc5 42. Ke3 Qc3+ 43. Kf4 Qd2+ 44. Kg3 Ra3+ 45. Nf3 Re3 46. Qf4 Rxf3+ 0-1

[Event "Moscow-Open 2021_A"]
[Site "Moscow, Russia"]
[Date "2021.02.24"]
[Round "5.1"]
[White "Stupak, Kirill"]
[Black "Makarian, Rudik"]
[Result "1/2-1/2"]
[ECO "E46"]
[WhiteElo "2492"]
[BlackElo "2458"]
[Annotator "zimin"]
[PlyCount "83"]
[EventDate "2021.??.??"]
[TimeControl "90+30"]
[WhiteClock "0:02:31"]
[BlackClock "0:06:55"]

1. d4 Nf6 2. c4 e6 3. Nc3 Bb4 4. g3 O-O 5. Bg2 d5 6. cxd5 exd5 7. e3 c6 8. Nge2 Bd6 9. O-O Nbd7 10. f3 c5 11.
dxc5 Bxc5 12. Nxd5 Nxd5 13. Qxd5 Re8 14. Nd4 Re5 15. Qb3 Nf6 16. Rd1 Rd5 17. Bd2 Bxd4 18. exd4 Be6 19. Be3 Ra5 20. Qb4 Rxa2 21. Rxa2 Bxa2 22. Qxb7 Bd5 23. Qa6 Rb8 24. Rd2 Qd7 25. Bg5 Rb6 26. Qe2 h6 27. Bxf6 Rxf6 28. Qf1 Qe7 29. Re2 Qb4 30. Qf2 Rc6 31. h4 Rc4 32. Rd2 Rc6 33. Qe3 Re6 34. Qc3 Qxc3 35. bxc3 Re1+ 36. Kf2 Rc1 37. f4 Bxg2 38. Kxg2 Rxc3 39. d5 Kf8 40. d6 Ke8 41. Ra2 Rc6 42. Rxa7 1/2-1/2

[Event "Moscow-Open 2021_A"]
[Site "Moscow, Russia"]
[Date "2021.02.24"]
[Round "5.2"]
[White "Kukhmazov, Arsen"]
[Black "Afanasiev, Nikita"]
[Result "1/2-1/2"]
[ECO "D20"]
[WhiteElo "2442"]
[BlackElo "2519"]
[Annotator "zimin"]
[PlyCount "32"]
[EventDate "2021.??.??"]
[TimeControl "90+30"]
[WhiteClock "1:21:09"]
[BlackClock "1:34:42"]

1. d4 d5 2.
c4 dxc4 3. e3 e5 4. Bxc4 exd4 5. exd4 Nf6 6. Nc3 Bd6 7. Nf3 Nc6 8. O-O O-O 9. Bg5 h6 10. Bh4 Bg4 11. h3 Bxf3 12. Qxf3 Nxd4 13. Qxb7 Rb8 14. Qxa7 Ra8 15. Qb7 Rb8 16. Qa7 Ra8 1/2-1/2

[Event "Moscow-Open 2021_A"]
[Site "Moscow, Russia"]
[Date "2021.02.24"]
[Round "5.3"]
[White "Bocharov, Ivan"]
[Black "Maiorov, Nikita"]
[Result "1-0"]
[ECO "C95"]
[WhiteElo "2568"]
[BlackElo "2495"]
[Annotator "zimin"]
[PlyCount "60"]
[EventDate "2021.??.??"]
[TimeControl "90+30"]
[WhiteClock "0:47:46"]
[BlackClock "0:23:01"]

1. e4 e5 2. Nf3 Nc6 3. Bb5 a6 4. Ba4 Nf6 5. O-O Be7 6. Re1 b5 7. Bb3 d6 8. c3 O-O 9. h3 Nb8 10. d4 Nbd7 11. Nbd2 c5 12. Nf1 Re8 13. Ng3 Bf8 14. d5 c4 15. Bc2 Qc7 16. Bg5 h6 17.
Be3 Nc5 18. Nh2 a5 19. Qf3 Be7 20. Nh5 Nxh5 21. Qxh5 b4 22. Ng4 Bxg4 23. Qxg4 Bg5 24. Bxg5 hxg5 25. Qxg5 b3 26. Bd1 Nd3 27. Re2 bxa2 28. Rxa2 Reb8 29. Rc2 a4 30. Be2 a3 1-0

[Event "Moscow-Open 2021_A"]
[Site "Moscow, Russia"]
[Date "2021.02.24"]
[Round "5.4"]
[White "Zarubitski, Viachaslau"]
[Black "Rozum, Ivan"]
[Result "0-1"]
[ECO "B01"]
[WhiteElo "2446"]
[BlackElo "2546"]
[Annotator "zimin"]
[PlyCount "68"]
[EventDate "2021.??.??"]
[TimeControl "90+30"]
[WhiteClock "0:01:05"]
[BlackClock "0:34:23"]

1. e4 d5 2. exd5 Qxd5 3.
Nc3 Qd6 4. d4 Nf6 5. Nf3 c6 6. h3 Bf5 7. Ne5 Nbd7 8. Nc4 Qc7 9. Qf3 e6 10.
Bf4 Qd8 11. O-O-O Nb6 12. Nxb6 axb6 13. g4 Bg6 14. d5 Nxd5 15. Bb5 Bd6 16. Nxd5 exd5 17. Bxd6 Qxd6 18. Rhe1+ Kf8 19. Bc4 Qc5 20. Bb3 Rxa2 21. Qf4 Ra8 22. Re3 h5 23. Rde1 d4 24. Re4 hxg4 25. Rxd4 Rxh3 26. Ra4 Rd8 27. Qc7 Qg5+ 28. Rf4 Rf3 29. Ree4 Rxf2 30. Kb1 Rxf4 31. Rxf4 Qe7 32. Qxb6 g3 33. Qg1 Qg5 34. Rf3 g2 0-1

[Event "Moscow-Open 2021_A"]
[Site "Moscow, Russia"]
[Date "2021.02.24"]
[Round "5.5"]
[White "Iljiushenok, Ilia"]
[Black "Maltsevskaya, Aleksandra"]
[Result "0-1"]
[ECO "A47"]
[WhiteElo "2534"]
[BlackElo "2327"]
[Annotator "zimin"]
[PlyCount "94"]
[EventDate "2021.??.??"]
[TimeControl "90+30"]
[WhiteClock "0:20:41"]
[BlackClock "0:44:28"]

1. d4 Nf6 2. Nf3 b6 3. Bf4 Bb7 4. h3 g6 5. e3 Bg7 6. Be2 O-O 7. O-O Ne4 8. a4 a6 9. c4 d6 10. a5 c5 11. Nbd2 Nxd2 12. Qxd2 Nc6 13. axb6 e5 14. Bg5 f6 15. Bh4 e4 16. d5 Ne7 17. Nh2 Nf5 18. Bg3 Nxg3 19. fxg3 Qxb6 20. g4 Bc8 21. Rab1 Rb8 22. Rf2 Qb3 23. Qc1 Rb4 24. Nf1 f5 25. gxf5 gxf5 26. Ng3 Bxb2 27. Qd2 Bc3 28. Rxb3 Bxd2 29. Ra3 Be1 30. Nh5 Bxf2+ 31. Kxf2 Kf7 32. Ra2 Rb6 33. Nf4 Bd7 34. g4 Ra8 35. gxf5 a5 36. Ne6 Kf6 37. Kg3 a4 38. Nc7 Ra7 39. Nb5 Bxb5 40. cxb5 Kxf5 41. Bg4+ Kg6 42. Kh4 Rxb5 43. Be6 a3 44. Rg2+ Kh6 45. Rg5 Rg7 46. Rf5 a2 47. Bf7 Rxf7 0-1

[Event "Moscow-Open 2021_A"]
[Site "Moscow, Russia"]
[Date "2021.02.24"]
[Round "5.6"]
[White "Lobanov, Sergei"]
[Black "Ibadov, Dashgyn"]
[Result "1-0"]
[ECO "A07"]
[WhiteElo "2516"]
[BlackElo "2282"]
[Annotator "zimin"]
[PlyCount "91"]
[EventDate "2021.??.??"]
[TimeControl "90+30"]
[WhiteClock "0:11:47"]
[BlackClock "0:04:03"]

1. Nf3 d5 2. g3 Nd7 3. Bg2 e5 4. O-O Ngf6 5. d3 Bd6 6. Nbd2 O-O 7. e4 d4 8. Nc4 b5 9. Nxd6 cxd6 10. Nh4 a5 11. f4 b4 12. g4 Nh5 13. Nf5 Nxf4 14. Bxf4 exf4 15. Rxf4 Ne5 16. Qd2 Ra7 17. h3 Bxf5 18. exf5 Qf6 19. Qf2 Rc7 20. Re1 Rfc8 21. Re2 h5 22. gxh5 Qg5 23. f6 Rxc2 24. Rxc2 Rxc2 25. Qxc2 Qxf4 26. Qc8+ Kh7 27. Be4+ g6 28. hxg6+ Nxg6 29. Qc7 Qg3+ 30. Kf1 Qxh3+ 31. Ke1 Qh4+ 32. Kd1 Qxf6 33. Qxa5 Kg7 34. Qxb4 Nf4 35. Qd2 d5 36. Bf3 Qf5 37. Kc2 Qc8+ 38. Kb1 Qf5 39. Be2 Ng2 40. a4 Ne3 41. a5 Qc8 42. Qc1 Qa6 43. Qc5 Qf6 44. a6 Qf2 45. a7 Qe1+ 46. Ka2 1-0

[Event "Moscow-Open 2021_A"]
[Site "Moscow, Russia"]
[Date "2021.02.25"]
[Round "6.1"]
[White "Makarian, Rudik"]
[Black "Bocharov, Ivan"]
[Result "1/2-1/2"]
[ECO "D37"]
[WhiteElo "2458"]
[BlackElo "2568"]
[Annotator "zimin"]
[PlyCount "108"]
[EventDate "2021.??.??"]
[TimeControl "90+30"]
[WhiteClock "0:30:01"]
[BlackClock "0:43:17"]

1. d4 d5 2. c4 e6 3. Nf3 Nf6 4. Nc3 Be7 5. Bf4 O-O 6. e3 Nbd7 7. a3 c5 8. cxd5 Nxd5 9. Nxd5 exd5 10. dxc5 Nxc5 11. Be5 Bf5 12. Rc1 Ne6 13. Bd3 Bxd3 14. Qxd3 Bf6 15. O-O Bxe5 16. Nxe5 d4 17. Rfd1 Re8 18. exd4 Qxd4 19. Qxd4 Nxd4 20. Rxd4 Rxe5 21. Rd7 Rb5 22. g3 Rf8 23. Rcc7 b6 24. Rxa7 Rxb2 25. Rdb7 g5 26. Ra6 Rc8 27. Raxb6 Rc1+ 28. Kg2 Rxb6 29. Rxb6 Ra1 30. Ra6 g4 31. Ra4 Kf8 32. h4 Ke7 33. Re4+ Kf6 34. Rf4+ Ke7 35. Re4+ Kf6 36. Re3 Ra2 37. Kf1 Kf5 38. Rb3 h5 39. Rb5+ Kg6 40. Rg5+ Kh6 41. Ra5 Kg6 42. a4 f6 43. Ra8 Kg7 44. a5 Kg6 45. a6 Kh7 46.
Ke1 Kg7 47. a7 Ra1+ 48. Kd2 Ra6 49. Kc3 Ra1 50. Kd4 Ra2 51.
Kd5 Rd2+ 52. Kc6 Rc2+ 53. Kd6 Rd2+ 54. Ke6 Re2+ 1/2-1/2

[Event "Moscow-Open 2021_A"]
[Site "Moscow, Russia"]
[Date "2021.02.25"]
[Round "6.2"]
[White "Rozum, Ivan"]
[Black "Kukhmazov, Arsen"]
[Result "1/2-1/2"]
[ECO "B10"]
[WhiteElo "2546"]
[BlackElo "2442"]
[Annotator "zimin"]
[PlyCount "139"]
[EventDate "2021.??.??"]
[TimeControl "90+30"]
[WhiteClock "0:02:11"]
[BlackClock "0:04:14"]

1. e4 c6 2. Nf3 d5 3. d3 dxe4 4. dxe4 Qxd1+ 5. Kxd1 Nf6 6. Nbd2 Nbd7 7. Ne1 Ng4 8. Nd3 g6 9. Nc4 Bg7 10. Bf4 Nb6 11. Nxb6 axb6 12. f3 Nf6 13. c3 Be6 14. Kc2 O-O 15.
Be2 Nd7 16. Be3 f5 17. a3 Rfd8 18. Rad1 Kf8 19. exf5 gxf5 20. g4 fxg4 21. fxg4 b5 22. Nf4 Bf7 23. Bd3 Ne5 24. Bf5 Nc4 25. Bc1 Kg8 26. Ne6 Rd6 27. Rhe1 Rxd1 28. Rxd1 Nd6 29. Bg5 Bxe6 30. Bxe6+ Kf8 31. Rf1+ Ke8 32. Re1 h6 33. Bf4 Nf7 34. Bg3 Bf6 35. h4 Ra4 36. Bc8 Kd8 37.
Be6 Nd6 38. Re3 Kc7 39. Bf5 Kb6 40. Be6 Kc7 41. Re2 Kb6 42.
Kd3 Ra8 43. Bb3 c5 44. Be6 Kc6 45. Kc2 Ra4 46. Re3 b6 47. Re2 Re4 48. Rxe4 Nxe4 49. Bf4 Bxh4 50. Bxh6 Bg5 51. Bxg5 Nxg5 52. Bf5 Kd5 53. Kd3 e6 54. Bg6 e5 55. Be8 b4 56. cxb4 cxb4 57. axb4 Kd6 58. Ba4 Kd5 59. Bb3+ Kd6 60. Bc4 Kd7 61. Bd5 Kd6 62. Bg2 Kd7 63. Ke3 Ke6 64. Bb7 Ke7 65. Bd5 Kd6 66. Bg2 Ke6 67. Kd3 Kd6 68. Kc4 Ne6 69. Be4 Ng5 70. Bg2 1/2-1/2

[Event "Moscow-Open 2021_A"]
[Site "Moscow, Russia"]
[Date "2021.02.25"]
[Round "6.3"]
[White "Maltsevskaya, Aleksandra"]
[Black "Stupak, Kirill"]
[Result "0-1"]
[ECO "B14"]
[WhiteElo "2327"]
[BlackElo "2492"]
[Annotator "zimin"]
[PlyCount "86"]
[EventDate "2021.??.??"]
[TimeControl "90+30"]
[WhiteClock "0:00:34"]
[BlackClock "0:01:05"]

1. e4 c6 2. d4 d5 3. exd5 cxd5 4. c4 Nf6 5. Nc3 e6 6. Nf3 Be7 7. Be2 O-O 8. O-O Nc6 9. a3 b6 10. b4 Ne4 11. Bb2 Nxc3 12. Bxc3 dxc4 13. Bxc4 Bf6 14. Qe2 Bb7 15. Rfd1 Ne7 16. Rac1 Rc8 17. Ba6 Bxa6 18. Qxa6 Rc7 19. Bd2 Qc8 20. Qd3 Nd5 21. Rxc7 Qxc7 22. Rc1 Qd7 23. Qa6 h6 24. h3 Rd8 25. Be3 Rb8 26. Kf1 Rb7 27. Qd3 Rc7 28. Rxc7 Qxc7 29. Qb5 Qc2 30. Kg1 g5 31. Kh2 Qc7+ 32. Kg1 Qc3 33. Bd2 Qxa3 34. Kh2 Kg7 35. Qd7 Qd3 36. Qxa7 Bxd4 37. Qd7 Bf6 38. Be3 Qe4 39. Qc6 Qxb4 40. Bd2 Qc5 41. Qe8 Qxf2 42. Be1 Qe2 43. Bd2 Ne3 0-1

[Event "Moscow-Open 2021_A"]
[Site "Moscow, Russia"]
[Date "2021.02.25"]
[Round "6.4"]
[White "Afanasiev, Nikita"]
[Black "Suleymenov, Alisher"]
[Result "1-0"]
[ECO "A60"]
[WhiteElo "2519"]
[BlackElo "2440"]
[Annotator "zimin"]
[PlyCount "87"]
[EventDate "2021.??.??"]
[TimeControl "90+30"]
[WhiteClock "0:07:18"]
[BlackClock "0:00:59"]

1. d4 e6 2.
c4 Nf6 3. Nc3 c5 4. d5 d6 5. e4 g6 6. Bf4 e5 7. Bg5 h6 8. Bd2 Bg7 9. Qc1 h5 10. Nf3 Nh7 11. g3 O-O 12. Bg2 a6 13. O-O Nd7 14. a4 f5 15. Nh4 Qf6 16.
exf5 gxf5 17. f4 exf4 18. Bxf4 Nb6 19. Nd1 a5 20. Ra2 Bd7 21. b3 Rae8 22. Bf3 Qd4+ 23. Nf2 Be5 24. Be3 Qc3 25. Qxc3 Bxc3 26. Bf4 Be5 27. Bxh5 Bxf4 28. Bxe8 Rxe8 29. gxf4 Re3 30. Rb1 Nf6 31. Ng2 Rc3 32. Nd1 Rh3 33. Re2 Rh8 34. Nc3 Na8 35. Nb5 Ne4 36. Ne3 Kf7 37. Rbe1 Nb6 38. Nxf5 Bxf5 39. Rxe4 Bxe4 40. Nxd6+ Kf8 41. Rxe4 Rh3 42. Re8+ Kg7 43. Re7+ Kf6 44. Re6+ 1-0

[Event "Moscow-Open 2021_A"]
[Site "Moscow, Russia"]
[Date "2021.02.25"]
[Round "6.5"]
[White "Savitskiy, Sergey"]
[Black "Lobanov, Sergei"]
[Result "1/2-1/2"]
[ECO "C48"]
[WhiteElo "2427"]
[BlackElo "2516"]
[Annotator "zimin"]
[PlyCount "40"]
[EventDate "2021.??.??"]
[TimeControl "90+30"]
[WhiteClock "0:42:29"]
[BlackClock "1:04:17"]

1. e4 e5 2. Nf3 Nc6 3. Nc3 Nf6 4. Bb5 Bd6 5. O-O O-O 6. Re1 Re8 7. h3 a6 8. Bc4 Bc5 9. a4 d6 10. d3 h6 11. Be3 Bxe3 12. fxe3 Be6 13. Bxe6 fxe6 14. Qd2 Rf8 15. Qf2 Qe8 16. Qg3 Nh5 17. Qg4 Nf6 18. Qg3 Nh5 19. Qg4 Nf6 20. Qg3 Nh5 1/2-1/2

[Event "Moscow-Open 2021_A"]
[Site "Moscow, Russia"]
[Date "2021.02.25"]
[Round "6.6"]
[White "Faizrakhmanov, Ramil"]
[Black "Badelka, Olga"]
[Result "1/2-1/2"]
[ECO "D27"]
[WhiteElo "2476"]
[BlackElo "2428"]
[Annotator "zimin"]
[PlyCount "102"]
[EventDate "2021.??.??"]
[TimeControl "90+30"]
[WhiteClock "0:14:20"]
[BlackClock "0:02:48"]

1. d4 d5 2. c4 dxc4 3. e3 Nf6 4. Bxc4 e6 5. Nf3 a6 6. O-O c5 7. Bb3 Nc6 8. Nc3 Be7 9. dxc5 Bxc5 10. Qxd8+ Kxd8 11. Bd2 Ke7 12. Rac1 Ba7 13. Ng5 Rd8 14. Rfd1 Bd7 15. Nce4 Nxe4 16. Nxe4 Be8 17. Kf1 Rac8 18. Ke2 f6 19. f3 e5 20. Be1 Bg6 21. h4 Rxd1 22. Rxd1 Rd8 23. Rxd8 Kxd8 24. Ng3 h5 25. a3 Kd7 26. Bd5 Kd6 27. Be4 Bxe4 28.
Nxe4+ Kd5 29. Kd3 f5 30. Nc3+ Ke6 31. e4 g6 32. Ne2 f4 33. a4 Kd6 34. Kc4 Be3 35. b4 Na7 36. Kd3 b5 37. axb5 axb5 38. Nc3 Bd4 39. Nd5 Nc6 40. g3 fxg3 41. Bxg3 Ne7 42. Nf6 Nc6 43. Be1 Bg1 44. Nd5 Bd4 45. f4 Ne7 46. Nf6 Ke6 47. Nh7 Nc6 48. Ng5+ Kf6 49. Nh7+ Kg7 50. Ng5 Kf6 51. Nh7+ Kg7 1/2-1/2

[Event "Moscow-Open 2021_A"]
[Site "Moscow, Russia"]
[Date "2021.02.26"]
[Round "7.2"]
[White "Bocharov, Ivan"]
[Black "Afanasiev, Nikita"]
[Result "0-1"]
[ECO "C42"]
[WhiteElo "2568"]
[BlackElo "2519"]
[Annotator "zimin"]
[PlyCount "81"]
[EventDate "2021.??.??"]
[TimeControl "90+30"]
[WhiteClock "0:29:25"]
[BlackClock "0:06:11"]

1.
e4 e5 2. Nf3 Nf6 3. Nxe5 Nxe4 4. Qe2 Qe7 5. Qxe4 d6 6. f4 f5 7. Qe3 dxe5 8. fxe5 Nc6 9. d4 Qh4+ 10. g3 Qxd4 11. Qxd4 Nxd4 12. Bd3 Be6 13. Kf2 Bc5 14. Be3 O-O-O 15. Rd1 Bb6 16. Nc3 Nc6 17. Bxb6 axb6 18. Re1 g5 19. Rad1 h5 20. h4 gxh4 21. gxh4 Rd4 22. Rh1 Nxe5 23. Be2 Rf4+ 24. Ke3 Rb4 25. Rd4 Rxb2 26. Ra4 Kb8 27. Kd2 Nc6 28. Re1 Nb4 29. Bd1 Nxa2 30. Nxa2 Rxa2 31. Rxa2 Bxa2 32. Re5 Rd8+ 33. Kc1 Rd4 34. Rxf5 Rxh4 35. Bxh5 c6 36. Rg5 Bd5 37. Bg4 Rh1+ 38. Kb2 Rg1 39. Rg6 b5 40. Kc3 Ka7 41. Kd4 0-1

[Event "Moscow-Open 2021_A"]
[Site "Moscow, Russia"]
[Date "2021.02.26"]
[Round "7.3"]
[White "Kukhmazov, Arsen"]
[Black "Makarian, Rudik"]
[Result "1/2-1/2"]
[ECO "A13"]
[WhiteElo "2442"]
[BlackElo "2458"]
[Annotator "zimin"]
[PlyCount "41"]
[EventDate "2021.??.??"]
[TimeControl "90+30"]
[WhiteClock "1:36:12"]
[BlackClock "1:37:07"]

1. d4 d5 2. c4 e6 3. Nc3 a6 4. cxd5 exd5 5. Nf3 Nf6 6. g3 Bd6 7. Bg2 O-O 8. O-O c6 9. Bg5 Nbd7 10.
e4 dxe4 11. Nxe4 Be7 12. Bxf6 Nxf6 13. Nc5 Qc7 14. Re1 Rd8 15. Qb3 Bd6 16. Rad1 Rb8 17. Ne5 Bf5 18. Nc4 Bf8 19. Ne5 Bd6 20. Nc4 Bf8 21. Ne5 1/2-1/2

[Event "Moscow-Open 2021_A"]
[Site "Moscow, Russia"]
[Date "2021.02.26"]
[Round "7.4"]
[White "Badelka, Olga"]
[Black "Iljiushenok, Ilia"]
[Result "1-0"]
[ECO "E62"]
[WhiteElo "2428"]
[BlackElo "2534"]
[Annotator "zimin"]
[PlyCount "97"]
[EventDate "2021.??.??"]
[TimeControl "90+30"]
[WhiteClock "0:02:43"]
[BlackClock "0:01:43"]

1. d4 Nf6 2. c4 g6 3. Nf3 Bg7 4. g3 O-O 5. Bg2 d6 6. Nc3 c6 7. O-O Bf5 8. Ng5 e5 9. dxe5 dxe5 10. Qb3 Qe7 11. h3 Na6 12. Be3 h6 13. Nf3 g5 14. Rad1 Bg6 15. Rd2 e4 16. Nd4 Qc7 17. Rfd1 Rfe8 18. Qc2 Re5 19. a3 Nc5 20. b4 Ncd7 21. Nb3 Rae8 22. b5 R5e7 23. bxc6 bxc6 24. Na4 Ne5 25. Qc1 Nfd7 26. Nbc5 f5 27. Nxd7 Nxd7 28. Rd6 Ne5 29. c5 Bf7 30. Nb2 Bb3 31. Rf1 Re6 32. Nd1 Rxd6 33. cxd6 Qxd6 34. Bxa7 Qe6 35. Bd4 Rd8 36. Bxe5 Bxe5 37. Ne3 Bd4 38. g4 f4 39. Nf5 Bc4 40. Rd1 Bb6 41. Rxd8+ Bxd8 42. Qb2 Qf6 43. Qc2 Be6 44. Bxe4 Bd7 45. Qd3 Bxf5 46. Bxf5 Bc7 47. Qd7 Qd6 48. Be6+ Kh8 49. Qe8+ 1-0

[Event "Moscow-Open 2021_A"]
[Site "Moscow, Russia"]
[Date "2021.02.26"]
[Round "7.5"]
[White "Lobanov, Sergei"]
[Black "Lazavik, Denis"]
[Result "1-0"]
[ECO "C77"]
[WhiteElo "2516"]
[BlackElo "2442"]
[Annotator "zimin"]
[PlyCount "107"]
[EventDate "2021.??.??"]
[TimeControl "90+30"]
[WhiteClock "0:18:18"]
[BlackClock "0:02:37"]

1. e4 e5 2. Nf3 Nc6 3. Bb5 a6 4. Ba4 Nf6 5. O-O Be7 6. d3 b5 7. Bb3 d6 8. a3 O-O 9. Nc3 Na5 10. Ba2 Be6 11. b4 Bxa2 12.
Rxa2 Nc6 13. Bg5 Ng4 14. Bd2 Nf6 15. Re1 Qd7 16. Nd5 Nxd5 17.
exd5 Na7 18. a4 c6 19. dxc6 Nxc6 20. c4 d5 21. axb5 axb5 22. Rxa8 Rxa8 23. cxb5 Nxb4 24. Nxe5 Qxb5 25. Qg4 Nc2 26. Nxf7 Nxe1 27. Qe6 Qb8 28. Nh6+ Kh8 29. Bxe1 Qf8 30. Bc3 Bf6 31. Nf7+ Kg8 32. Ng5+ Kh8 33. Nf7+ Kg8 34. Qxd5 Rb8 35. Ne5+ Kh8 36. h3 Bxe5 37. Bxe5 Rd8 38. Qe4 Qf7 39. d4 Kg8 40. f4 Qd7 41. Kh2 Qf7 42. Qf3 g6 43. Qc6 Re8 44.
Kg3 Rf8 45. d5 g5 46. fxg5 Qe7 47. Bf6 Qe3+ 48. Kh4 Qe1+ 49. Kh5 Qe2+ 50. Kh6 Qd3 51. Qe6+ Rf7 52. Be7 Qc3 53. d6 Qc6 54. g6 1-0

[Event "Moscow-Open 2021_A"]
[Site "Moscow, Russia"]
[Date "2021.02.26"]
[Round "7.6"]
[White "Kardashevskiy, Evgeny"]
[Black "Maiorov, Nikita"]
[Result "1/2-1/2"]
[ECO "E18"]
[WhiteElo "2427"]
[BlackElo "2495"]
[Annotator "zimin"]
[PlyCount "81"]
[EventDate "2021.??.??"]
[TimeControl "1"]
[WhiteClock "0:19:17"]
[BlackClock "0:20:04"]

1. d4 Nf6 2.
Nf3 e6 3. c4 b6 4. g3 Bb7 5. Bg2 Be7 6. O-O O-O 7. Nc3 Ne4 8. Bd2 f5 9. Ne5 Bf6 10. Nxe4 Bxe4 11. Bxe4 fxe4 12. Qc2 d5 13. cxd5 exd5 14. b4 a6 15. Rac1 Ra7 16. Qb3 Re8 17. Rfd1 Re6 18. f4 exf3 19. exf3 c6 20. f4 Re8 21. a4 b5 22. a5 Qd6 23. Rc5 Rc7 24. Rdc1 Qe6 25. Qd3 g6 26. Kg2 Rec8 27. R5c2 Bg7 28. Re1 Qf6 29. Be3 Nd7 30. Rf2 Qf5 31. Qxf5 gxf5 32. Rc2 Nf6 33. Rec1 Ne4 34. Kf3 Kf8 35. Ke2 Ke7 36. Kd3 Kd6 37. Rg2 Ke6 38. Rgc2 Kd6 39. Rg2 Ke6 40. Rgc2 Kd6 41. Rg2 1/2-1/2

[Site "Moscow"]
[Date "2021.02.26"]
[Round "7.7"]
[White "Assaubayeva, Bibisara"]
[Black "Faizrakhmanov, Ramil"]
[Result "0-1"]
[ECO "A00"]
[WhiteElo "2378"]
[BlackElo "2476"]
[PlyCount "80"]
[EventDate "2021.02.20"]

1. d4 Nf6 2. c4 e6 3. Nf3 b6 4. a3 Bb7 5. Bf4 g6 6. Nc3 Bg7 7. Qc2 O-O 8. e3 d6
9. Be2 Nbd7 10. h3 Nh5 11. Bh2 f5 12. d5 Bxc3+ 13. Qxc3 exd5 14. cxd5 Bxd5 15.
Rc1 Nc5 16. Bc4 Bxc4 17. Qxc4+ d5 18. Qc3 f4 19. O-O Rc8 20. Rfd1 c6 21. exf4
Nxf4 22. Qe3 Nce6 23. Bg3 c5 24. b4 d4 25. Qe4 Qd5 26. Qxd5 Nxd5 27. bxc5 bxc5
28. Ne5 Nef4 29. Bxf4 Nxf4 30. Kf1 Nd5 31. Rd3 Nc3 32. Nc4 Rce8 33. f3 Re6 34.
Rd2 Rb8 35. h4 Ra6 36. h5 gxh5 37. Re1 Ra4 38. Ne5 Re8 39. Rb2 Nd5 40. Kf2 Rxa3
0-1

[Event "Moscow-Open 2021_A"]
[Site "Moscow, Russia"]
[Date "2021.02.27"]
[Round "8.1"]
[White "Afanasiev, Nikita"]
[Black "Stupak, Kirill"]
[Result "1/2-1/2"]
[ECO "C09"]
[WhiteElo "2519"]
[BlackElo "2492"]
[Annotator "zimin"]
[PlyCount "80"]
[EventDate "2021.??.??"]
[TimeControl "90+30"]
[WhiteClock "0:02:24"]
[BlackClock "0:00:51"]

1. e4 e6 2. d4 d5 3. Nd2 c5 4. Ngf3 Nc6 5. exd5 exd5 6.
Bb5 Qe7+ 7. Be2 Qc7 8. O-O Nf6 9. Re1 cxd4 10. Nb3 Bb4 11.
Bd2 Bxd2 12. Qxd2 O-O 13. Nfxd4 Re8 14. Bb5 Bd7 15. Bxc6 bxc6 16. Nc5 Ne4 17. Nxe4 dxe4 18. Nb3 Bf5 19. Qa5 Qe5 20. Qxe5 Rxe5 21. Rad1 e3 22. f4 Re4 23. Rd4 Rae8 24. Rxe4 Rxe4 25. g3 Ra4 26. Rxe3 g6 27. a3 Bxc2 28. Nc5 Rd4 29. Re8+ Kg7 30. Kf2 Rc4 31. Nb7 Be4 32. Ke3 Bf5 33. Rd8 Re4+ 34. Kf2 Rc4 35. Rd2 Be6 36. Nd6 Rc1 37. Ne4 Kf8 38. Ke3 Ke7 39. Nc3 f5 40. Ne2 Rh1 {[%emt 0:00:
22] Ke4} 1/2-1/2

[Event "Moscow-Open 2021_A"]
[Site "Moscow, Russia"]
[Date "2021.02.27"]
[Round "8.2"]
[White "Rozum, Ivan"]
[Black "Badelka, Olga"]
[Result "1-0"]
[ECO "A13"]
[WhiteElo "2546"]
[BlackElo "2428"]
[Annotator "zimin"]
[PlyCount "100"]
[EventDate "2021.??.??"]
[TimeControl "90+30"]
[WhiteClock "0:04:22"]
[BlackClock "0:01:37"]

1. Nf3 Nf6 2. c4 e6 3. g3 d5 4. Bg2 dxc4 5. Qa4+ Nbd7 6. Qxc4 a6 7.
Qc2 c5 8. O-O b5 9. d3 Bb7 10. Nc3 Be7 11. a4 Qb6 12. e4 O-O 13. Be3 Ng4 14. Bf4 Rfc8 15. h3 Ngf6 16. Be3 b4 17. Nb1 b3 18. Qd1 a5 19. Ra3 Ba6 20. Rxb3 Qc6 21. Rc3 c4 22. dxc4 Nc5 23. Nd4 Qxa4 24.
e5 Qxd1 25. Rxd1 Nfe4 26. Rcc1 Rab8 27. Nb5 f5 28. exf6 Bxf6 29. Rc2 Rd8 30. Rxd8+ Rxd8 31. Nd2 Nxd2 32. Bxc5 Nb3 33. Ba3 a4 34. Kh2 Bxb5 35. cxb5 Nd4 36. Rc5 Be7 37. b6 Bxc5 38. Bxc5 Nb5 39. b7 Rb8 40. Bc6 Kf7 41. Kg2 e5 42. Bxb5 Rxb7 43. Bc4+ Kf6 44. Ba3 Kf5 45. Bd5 Rb6 46. Kf3 h5 47. h4 g6 48. Be4+ Kf6 49. Bc2 Ra6 50. Ke4 Ra8 1-0

[Event "Moscow-Open 2021_A"]
[Site "Moscow, Russia"]
[Date "2021.02.27"]
[Round "8.3"]
[White "Kukhmazov, Arsen"]
[Black "Lobanov, Sergei"]
[Result "1/2-1/2"]
[ECO "E15"]
[WhiteElo "2442"]
[BlackElo "2516"]
[Annotator "zimin"]
[PlyCount "81"]
[EventDate "2021.??.??"]
[TimeControl "90+30"]
[WhiteClock "1:00:58"]
[BlackClock "0:26:57"]

1. d4 Nf6 2. c4 e6 3. Nf3 b6 4. g3 Ba6 5. Qc2 c5 6. d5 exd5 7. cxd5 Bb7 8. Bg2 Nxd5 9. O-O Be7 10. Rd1 Nc6 11. Qa4 Nf6 12. Nh4 O-O 13. Nf5 d5 14. Nc3 Nd4 15. Nxd4 cxd4 16. Rxd4 Bc5 17. Rd3 Qe8 18. Qh4 Ne4 19. Be3 Nxc3 20. bxc3 Rc8 21. Rad1 Be7 22. Qh5 Bf6 23. Bxd5 Ba6 24. c4 Bxc4 25. Bxc4 Rxc4 26. Rd7 Ra4 27. Qd5 Qe6 28. Rd2 Qxd5 29. R7xd5 h6 30. Bd4 Bxd4 31. R5xd4 Rxd4 32. Rxd4 Rc8 33.
Rd7 Rc2 34. Rxa7 Rxe2 35. Rb7 Rxa2 36. Rxb6 h5 37. h4 g6 38. Kg2 Kg7 39. Rb7 Rc2 40. Rd7 Rb2 41. Ra7 1/2-1/2